 Dungeon Sprint DCSS version 0.27.1-33-g824d729ab1 (webtiles) character file.

Game seed: 3953542252754784892

10580 AmazingEquinox the Severer (level 11, -5/112 HPs)
             Began as a Minotaur Berserker on Nov 29, 2021.
             Was the Champion of Trog.
             Hit by a javelin thrown by a merfolk javelineer (7 damage)
             ... in the Dungeon (Sprint V: "Ziggurat Sprint").
             The game lasted 00:19:41 (1019 turns).

AmazingEquinox the Severer (Minotaur Berserker)     Turns: 1019, Time: 00:19:42

Health: -5/112     AC: 31    Str: 40    XL:     11   Next: 38%
Magic:  0/11       EV: 10    Int:  4    God:    Trog [******]
Gold:   0          SH: 28    Dex: 13    Spells: 10/10 levels left

rFire    . . .     SeeInvis +   w - +14 obsidian axe {vorpal, Mesm Drain Fly SInv}
rCold    . . .     Faith    .   a - +3 tower shield
rNeg     . . .     Spirit   +   x - +15 Maxwell's patent armour {-Cast -Tele rElec Will+ rCorr}
rPois    .         Reflect  .   D - +1 hat
rElec    +         Harm     .   (no cloak)
rCorr    +         Rampage  .   (no gloves)
Will     +....     NoTele   +   (no boots) Stlth ..........NoCast +
                                A - amulet of the Morning {Spirit Str+6}
HPRegen  0.28/turn              u - +6 ring of strength
MPRegen  0.12/turn              v - +6 ring of strength

@: lethally poisoned (-5 -> -52), flying, mesmerised, studying Invocations
A: horns 2, retaliatory headbutt
a: Renounce Religion, Berserk, Trog's Hand, Brothers in Arms


You were in the Dungeon.
You worshipped Trog.
Trog was exalted by your worship.
You visited 1 branch

Inventory:

Hand Weapons
 w - the +14 obsidian axe (weapon) {vorpal, Mesm Drain Fly SInv}
   (You found it in the Dungeon)

   It inflicts extra damage upon your enemies.
   It occasionally summons demons to assist the wielder when it strikes in
   combat.
   Its wielder is mesmerised by any visible foes.
   It cannot be unequipped while any foes are visible.
   SInv:      It lets you see invisible.
   Fly:       It grants you flight.
   Drain:     It drains your maximum health when unequipped.
 C - a +5 vorpal morningstar
 G - the +4 hand axe of Blue Optimality {flame, *Noise +Blink rN+ Stlth+}
   (You found it in the Dungeon)

   It burns those it strikes, dealing additional fire damage.
   Big, fiery blades are also staple armaments of hydra-hunters.
   rN:        It protects you from negative energy.
   +Blink:    It lets you blink.
   *Noise:    It may make noises in combat.
   Stlth:     It makes you more stealthy.
 H - the +10 zealot's sword {holy, *Rage rN+ EV+3}
   (You found it in the Dungeon)

   It has been blessed by the Shining One to cause great damage to the undead
   and demons.
   Whenever the wielder enters a berserk rage, their allies are berserked
   alongside them.
   EV:        It affects your evasion (+3).
   rN:        It protects you from negative energy.
   *Rage:     It may make you go berserk in combat.
 I - a +0 antimagic hand axe
Armour
 a - a +3 tower shield (worn)
 b - a +5 crystal plate armour
 x - the +15 Maxwell's patent armour (worn) {-Cast -Tele rElec Will+ rCorr}
   (You found it in the Dungeon)

   rElec:     It insulates you from electricity.
   -Cast:     It prevents spellcasting.
   -Tele:     It prevents most forms of teleportation.
   rCorr:     It protects you from acid and corrosion.
   Will:      It increases your willpower.
 D - a +1 hat (worn)
Jewellery
 p - a ring of flight
 q - a +6 ring of dexterity
 r - a +6 ring of dexterity
 s - a +6 ring of intelligence
 t - a +6 ring of intelligence
 u - a +6 ring of strength (left hand)
 v - a +6 ring of strength (right hand)
 A - the amulet of the Morning (around neck) {Spirit Str+6}
   (You found it in the Dungeon)

   [amulet of guardian spirit]

   It causes incoming damage to be divided between your reserves of health and
   magic.
   Str:       It affects your strength (+6).
 B - an amulet of magic regeneration
 E - an amulet of faith
 F - an amulet of reflection
Wands
 m - a wand of mindburst (7)
 n - a wand of iceblast (7)
 o - a wand of acid (7)
Scrolls
 h - a scroll of blinking
Potions
 c - 10 potions of curing
 d - 8 potions of heal wounds
 e - 6 potions of haste
 f - 7 potions of magic
 g - 3 potions of berserk rage
 i - 2 potions of invisibility
 j - 4 potions of resistance
 l - 5 potions of might
Miscellaneous
 k - a phantom mirror
 y - a tin of tremorstones (2/2)
 z - a tin of tremorstones (2/2)


   Skills:
 + Level 15.0 Fighting
 + Level 1.5(1.9) Short Blades
 + Level 1.7(2.1) Long Blades
 - Level 17.9(18.0) Axes
 + Level 1.7(12.3) Maces & Flails
 + Level 2.0(12.3) Polearms
 + Level 2.1(2.8) Staves
 + Level 1.5(1.9) Slings
 + Level 1.7 Bows
 + Level 1.7 Crossbows
 + Level 1.3(1.7) Throwing
 + Level 11.5 Armour
 + Level 7.0 Dodging
 + Level 1.4 Stealth
 + Level 17.4 Shields
 + Level 1.5 Unarmed Combat
 + Level 1.3 Invocations
 + Level 1.2 Evocations


You had 10 spell levels left.
You didn't know any spells.
Your spell library contained the following spells:

 Spells                   Type           Power      Damage    Failure   Level
 Leda's Liquefaction      Hex/Erth       0%         N/A       100%        4
 Olgreb's Toxic Radiance  Pois           0%         N/A       100%        4
 Bolt of Magma            Conj/Fire/Erth 0%         4d4       100%        5
 Conjure Ball Lightning   Conj/Air       0%         3x3d6     100%        6
 Statue Form              Tmut/Erth      0%         N/A       100%        6
 Ozocubu's Refrigeration  Ice            0%         4d5       100%        7
 Discord                  Hex            0%         N/A       100%        8
 Disjunction              Tloc           0%         N/A       100%        8
 Ignition                 Fire           0%         3d3       100%        8


Dungeon Overview and Level Annotations

Branches:
Dungeon (1/1)

Altars:
Ashenzari
Cheibriados
Dithmenos
Elyvilon
Fedhas
Gozag
Hepliaklqana
Kikubaaqudgha
Makhleb
Nemelex Xobeh
Okawaru
Qazlal
Ru
Sif Muna
Trog
Uskayaw
Vehumet
Wu Jian
Xom
Yredelemnul
Zin
The Shining One
Beogh
Jiyva
Lugonu

Annotations:
D 1 transporter


Innate Abilities, Weirdness & Mutations

You have a pair of horns on your head.
You reflexively headbutt those who attack you in melee.


Message History

You block the alligator snapping turtle's attack.
The merfolk javelineer hits you but does no damage.
You are more poisoned.
The sea snake bites you.
You are lethally poisoned!
The sea snake poisons you!
You block the merfolk javelineer's attack.
The merfolk siren chants a haunting song.
You resist.
The merfolk hits you from afar with a +0 trident.
You block the snapping turtle's attack.
Unknown command.
You feel much better.
Visions of slaying the wind drake flood into your mind.
You feel extremely sick.
You block the merfolk javelineer's attack.
You block the wind drake's attack.
The sea snake bites you but does no damage.
The merfolk javelineer hits you but does no damage.
You are lethally poisoned!
The merfolk javelineer barely misses you.
The alligator snapping turtle bites you but does no damage.
The merfolk hits you from afar with a +0 trident!
Your rust devil hits the sea snake.
Your rust devil corrodes the sea snake!
The snapping turtle misses you.
You catch the helpless sea snake completely off-guard!
You cut the sea snake into ribbons!!!
You kill the sea snake!
Trog accepts your kill.
You slice the wind drake!!
* * * LOW HITPOINT WARNING * * *
You feel extremely sick.
The merfolk javelineer throws a silver javelin.
The silver javelin pierces through you!!
* * * LOW HITPOINT WARNING * * *
x2 The wind drake exhales a fierce blast of wind!
You are blown backwards!
The monsters around you are blown away!
The merfolk javelineer throws a javelin.
The javelin pierces through you!
You die...

▓≈≈|:|=|}.▓..)})):..▓..:
▓≈.)}:[)..▓..)[|}}..▓...
▓..≈..≈...▓.........▓...
▓.≈.≈.m≈.≈▓.........▓..)
▓.≈tmmmm..▓.........▓...
▓≈.tk≈≈4m.▓.........▓...
▓≈≈≈......▓.........▓.▓.
▓......4..▓.▓.....▓.▓...
▓≈..3©≈@≈.▓....©....▓▓▓▓
▓▓▓▓▓▓▓▓▓▓▓▓▓▓▓▓▓▓▓▓▓


You could see an alligator snapping turtle, 3 merfolk javelineers, a merfolk
aquamancer, a snapping turtle, a wind drake (mesmerising, repels missiles,
catching breath), a merfolk, a merfolk siren, a friendly hellwing (summoned), a
friendly rust devil (summoned) and a friendly sixfirhy (summoned).

Vanquished Creatures
  A great orb of eyes (D)
  A thrashing horror (D)
  A sea snake (D)
  A large abomination (D)
  4 toenail golems (D)
  A rime drake (D)
  A freezing wraith (D)
  A polar bear (D)
  3 wind drakes (D)
  A hornet (D)
  2 slime creatures (D)
  An air elemental (D)
  2 spriggans (D)
  Sigmund (D)
  A naga (D)
  A black bear (D)
  An ice beast (D)
  3 necrophages (D)
  2 wolves (D)
  2 earth elementals (D)
  3 scorpions (D)
  A jelly (D)
  Jessica (D)
  6 adders (D)
  A white imp (D)
  2 ufetubi (D)
  An adder zombie (D)
  A bat skeleton (D)
  2 quokka zombies (D)
  A starspawn tentacle (D)
50 creatures vanquished.

Vanquished Creatures (collateral kills)
  A tentacled starspawn (D)
  A thrashing horror (D)
  A harpy (D)
  A cane toad (shapeshifter) (D)
  A jumping spider (D)
  A hornet (D)
  4 wind drakes (D)
  An air elemental (D)
  A water moccasin (D)
  An ice beast (D)
  A wolf (D)
  An earth elemental (D)
  A white imp (D)
  An adder simulacrum (D)
  A ball python (D)
  A bat simulacrum (D)
19 creatures vanquished.

Vanquished Creatures (others)
  A starspawn tentacle (D)
1 creature vanquished.

Grand Total: 70 creatures vanquished

Notes
Turn   | Place    | Note
-------+----------+-------------------------------------------
     0 | D        | AmazingEquinox the Minotaur Berserker began the quest for
                  | the Orb.
     0 | D        | Reached XP level 1. HP: 19/19 MP: 0/0
     0 | D        | Found a shimmering blue altar of Sif Muna.
     0 | D        | Found a sacrificial altar of Ru.
     0 | D        | Found a bloodstained altar of Trog.
     0 | D        | Found a stormy altar of Qazlal.
     0 | D        | Found an iron altar of Okawaru.
     0 | D        | Found a sparkling altar of Nemelex Xobeh.
     0 | D        | Found a blossoming altar of Fedhas.
     0 | D        | Found the +6 Majin-Bo {vamp, MP+6 Int+6}
     0 | D        | Found the +9 heavy crossbow "Sniper" {vorpal, Acc+∞ SInv}
     0 | D        | Found the +10 dark maul {vorpal}
     0 | D        | Found the +15 Maxwell's patent armour {-Cast -Tele rElec
                  | Will+ rCorr}
     0 | D        | Found the +18 shield of the Gong {rElec rN+ Will+ EV-5}
     0 | D        | Found the +14 obsidian axe {vorpal, Mesm Drain Fly SInv}
     0 | D        | Found the +7 great mace "Firestarter" {inner flame, rF++}
     0 | D        | Found the +6 shillelagh "Devastator" {shatter}
     0 | D        | Found the +11 plutonium sword {Contam Stlth-}
     0 | D        | Found the +8 lance "Wyrmbane" {slay drac, rPois rF+ rC+
                  | AC+3}
     0 | D        | Found the +9 sword of Zonguldrok {reap}
     0 | D        | Found the +13 scythe of Curses {drain, Drain}
     0 | D        | Found the +5 sword of Power {vorpal}
     0 | D        | Found the +7 mace of Variability {chain chaos}
     0 | D        | Found the +7 Singing Sword {vorpal, sonic wave}
     0 | D        | Found the +8 storm bow {elec, penet}
    31 | D        | Found a corrupted altar of Lugonu.
    31 | D        | Found a burning altar of Makhleb.
    31 | D        | Found an ancient bone altar of Kikubaaqudgha.
    31 | D        | Found a transporter.
    31 | D        | Found a viscous altar of Jiyva.
    32 | D        | Found a hazy altar of Hepliaklqana.
    39 | D        | Found an opulent altar of Gozag.
    91 | D        | Reached skill level 1 in Short Blades
    91 | D        | Reached skill level 1 in Long Blades
    91 | D        | Reached skill level 1 in Maces & Flails
    91 | D        | Reached skill level 1 in Slings
    91 | D        | Reached skill level 1 in Bows
    91 | D        | Reached skill level 1 in Crossbows
    91 | D        | Reached skill level 1 in Throwing
    91 | D        | Reached skill level 1 in Stealth
    91 | D        | Reached skill level 1 in Shields
    91 | D        | Reached skill level 1 in Unarmed Combat
    91 | D        | Reached skill level 1 in Invocations
    91 | D        | Reached skill level 1 in Evocations
    91 | D        | Reached XP level 2. HP: 26/26 MP: 0/2
   128 | D        | Entered arena 2.
   128 | D        | Noticed Sigmund
   128 | D        | Noticed Jessica
   128 | D        | Found a transporter.
   130 | D        | Killed Jessica
   131 | D        | Reached skill level 5 in Axes
   131 | D        | Reached XP level 3. HP: 34/34 MP: 3/3
   132 | D        | Killed Sigmund
   132 | D        | Reached ** piety under Trog
   133 | D        | Reached skill level 5 in Shields
   133 | D        | Reached XP level 4. HP: 45/45 MP: 4/4
   133 | D        | Reached XP level 5. HP: 51/51 MP: 5/5
   144 | D        | Entered arena 3.
   144 | D        | Noticed a slime creature
   144 | D        | Noticed a slime creature
   144 | D        | Found a transporter.
   152 | D        | Killed a slime creature
   153 | D        | Reached XP level 6. HP: 46/62 MP: 6/6
   153 | D        | Killed a slime creature
   153 | D        | Reached *** piety under Trog
   154 | D        | Reached skill level 10 in Axes
   154 | D        | Reached skill level 5 in Armour
   154 | D        | Reached XP level 7. HP: 53/70 MP: 7/7
   169 | D        | Entered arena 4.
   169 | D        | Found a transporter.
   286 | D        | Entered arena 5.
   286 | D        | Noticed a jumping spider
   286 | D        | Found a transporter.
   288 | D        | Reached **** piety under Trog
   290 | D        | Reached skill level 10 in Fighting
   295 | D        | Reached skill level 5 in Dodging
   295 | D        | Killed a jumping spider
   298 | D        | Got the amulet of the Morning {Spirit Str+6}
   318 | D        | Entered arena 6.
   318 | D        | Found a transporter.
   320 | D        | Reached ***** piety under Trog
   321 | D        | Reached XP level 8. HP: 81/81 MP: 8/8
   328 | D        | Got the +3 plate armour of Lulan {Stlth+}
   341 | D        | Entered arena 7.
   341 | D        | Noticed a spriggan rider
   341 | D        | Noticed a spriggan rider
   342 | D        | Found a transporter.
   345 | D        | Received a gift from Trog
   348 | D        | Reached skill level 10 in Shields
   349 | D        | Killed a hornet
   351 | D        | Killed a hornet
   352 | D        | Reached XP level 9. HP: 48/90 MP: 9/9
   543 | D        | Entered arena 8.
   544 | D        | Found a transporter.
   548 | D        | Reached ****** piety under Trog
   549 | D        | Received a gift from Trog
   580 | D        | Entered arena 9.
   580 | D        | Noticed a toenail golem
   580 | D        | Noticed a toenail golem
   580 | D        | Noticed a toenail golem
   580 | D        | Noticed a toenail golem
   581 | D        | Found a transporter.
   585 | D        | Killed a toenail golem
   587 | D        | Killed a toenail golem
   588 | D        | Reached skill level 15 in Axes
   588 | D        | Killed a toenail golem
   590 | D        | Killed a toenail golem
   591 | D        | Reached XP level 10. HP: 86/99 MP: 7/10
   592 | D        | Received a gift from Trog
   610 | D        | Entered arena 10.
   611 | D        | Found a transporter.
   619 | D        | Reached skill level 15 in Shields
   680 | D        | Entered arena 11.
   680 | D        | Found the +10 zealot's sword {holy, *Rage rN+ EV+3}
   680 | D        | Paralysed by an air elemental for 1 turns
   681 | D        | Found a transporter.
   683 | D        | Paralysed by an air elemental for 1 turns
   686 | D        | Received a gift from Trog
   695 | D        | Received a gift from Trog
   956 | D        | Got the +4 hand axe of Blue Optimality {flame, *Noise
                  | +Blink rN+ Stlth+}
   979 | D        | Entered arena 12.
   979 | D        | Noticed a thrashing horror
   979 | D        | Noticed a great orb of eyes
   979 | D        | Noticed a large abomination
   980 | D        | Noticed a tentacled starspawn
   980 | D        | Noticed a thrashing horror
   981 | D        | Killed a thrashing horror
   982 | D        | Found a transporter.
   985 | D        | Killed a great orb of eyes
   985 | D        | Killed a large abomination
   985 | D        | Noticed a fire crab
   985 | D        | a yaktaur changed into a fire crab
   986 | D        | Reached skill level 10 in Armour
   986 | D        | Reached XP level 11. HP: 84/108 MP: 9/11
   986 | D        | Received a gift from Trog
   986 | D        | a fire crab changed into a cane toad
   987 | D        | Killed a thrashing horror
   990 | D        | Killed a tentacled starspawn
  1011 | D        | Entered arena 13.
  1011 | D        | Noticed a merfolk javelineer
  1011 | D        | Noticed a merfolk javelineer
  1011 | D        | Noticed a harpy
  1011 | D        | Noticed a merfolk aquamancer
  1011 | D        | Noticed a merfolk javelineer
  1011 | D        | Noticed a sea snake
  1011 | D        | Noticed an alligator snapping turtle
  1014 | D        | Found a transporter.
  1015 | D        | Killed a harpy
  1016 | D        | Reached skill level 15 in Fighting
  1019 | D        | Killed a sea snake
  1019 | D        | HP: 2/112 [merfolk javelineer/silver javelin (5)]
  1019 | D        | Hit by a javelin thrown by a merfolk javelineer

Illustrated notes

Levels and vault maps discovered:
D:        sprint_v [room_start, room_1, room_2, room_3, room_4, room_5, room_6,
          room_7, room_8, room_9, room_10, room_11, room_12, room_13, room_14,
          room_15, room_16, room_17, room_18, room_19, room_20, room_21,
          room_22, room_23, room_24, room_25, room_26, room_27]

Skill      XL: |  1  2  3  4  5  6  7  8  9 10 11 |
---------------+----------------------------------+-----
Short Blades   | 1 |  1.5
Long Blades    | 1 |  1.7
Axes           | 4 5 7 9 10 12 14 15 17 | 17.9
Maces & Flails | 1 |  1.7
Polearms       | 2 |  2.0
Staves         | 2 |  2.1
Slings         | 1 |  1.5
Bows           | 1 |  1.7
Crossbows      | 1 |  1.7
Throwing       | 1 |  1.3
Stealth        | 1 |  1.4
Shields        | 1 2 5 6 7 8 11 14 16 17 | 17.4
Unarmed Combat | 1 |  1.5
Invocations    | 1 |  1.3
Evocations     | 1 |  1.2
Fighting       | 4 6 8 9 10 11 12 13 15 | 15.0
Armour         | 4 5 6 7 8 10 11 | 11.5
Dodging        | 3 4 5 6 7 |  7.0

Action                   |  1- 3 |  4- 6 |  7- 9 | 10-12 || total
-------------------------+-------+-------+-------+-------++-------
Melee: Broad axe         |     2 |     7 |    30 |    30 ||    69
       Headbutt          |       |     2 |     8 |     4 ||    14
  Use: Potion            |     1 |       |       |     2 ||     3
 Stab: Distracted        |       |       |       |     1 ||     1
Armor: Plate armour      |     2 |     2 |    24 |    44 ||    72
Dodge: Dodged            |       |       |    12 |    13 ||    25
Block: Tower shield      |     2 |    13 |    75 |    68 ||   158
